 Dungeon Crawl Stone Soup version 0.26-a0-859-gf57989e088 (webtiles) character file.

Game seed: 8446382685893146883

270 Ijustatesigmund the Chopper (level 6, 0/44 HPs)
             Began as an Octopode Fighter on Nov 25, 2020.
             Splashed by a gnoll's acid (13 damage)
             ... on level 3 of the Dungeon.
             The game lasted 00:03:23 (2092 turns).

Ijustatesigmund the Chopper (Octopode Fighter)      Turns: 2092, Time: 00:03:24

Health: 0/44       AC: -3    Str: 16    XL:     6   Next: 22%
Magic:  6/6        EV: 12    Int: 11    God:
Gold:   193        SH: 14    Dex: 18    Spells: 5/5 levels left

rFire    . . .     SeeInvis .   a - +0 war axe
rCold    + . .     Faith    .   b - +0 kite shield
rNeg     . . .     Spirit   .   (helmet restricted)
rPois    .         Reflect  +   d - amulet of reflection
rElec    .         Harm     .   g - +6 ring of dexterity
rCorr    .         Rampage  .   i - ring of protection from cold
MR       .....                  (no ring)
Stlth    +++.......             (no ring)
HPRegen  0.14/turn              (no ring)
MPRegen  0.10/turn              (no ring)
                                (no ring)
                                (no ring)

@: corroded
A: almost no armour, stealthy swim, amphibious, 8 rings, constrict 8, camouflage
1, gelatinous body 1
a: no special abilities


You were on level 3 of the Dungeon.
You visited 1 branch of the dungeon, and saw 3 of its levels.

You collected 193 gold pieces.

Inventory:

Hand Weapons
 a - a +0 war axe (weapon)
Armour
 b - a +0 kite shield (worn)
Jewellery
 d - an amulet of reflection (around mantle)
 g - a +6 ring of dexterity (left tentacle)
 i - a ring of protection from cold (right tentacle)
Potions
 c - a potion of might
 e - a potion of haste
 f - a potion of heal wounds
 h - a potion of degeneration {unknown}
 j - a potion of curing {unknown}
 k - a potion of mutation {unknown}


   Skills:
 + Level 4.5 Fighting
 * Level 5.3 Axes
 - Level 3.0 Dodging
 - Level 3.0 Shields


You had 5 spell levels left.
You didn't know any spells.
Your spell library was empty.

Dungeon Overview and Level Annotations

Branches:
Dungeon (3/15)

Altars:
Ru
Uskayaw


Innate Abilities, Weirdness & Mutations

You cannot wear most types of armour.
You are very stealthy in the water. (Stealth+)
You are amphibious.
You can wear up to eight rings at the same time.
You can use your tentacles to constrict eight enemies at once.
Your skin changes colour to match your surroundings (Stealth+).
Your rubbery body absorbs attacks. (AC +1, EV +1)


Message History

You barely miss the ooze. You block the ooze's attack.
You block the gnoll's attack.
The gnoll hits you from afar with a +0 halberd!
* * * LOW HITPOINT WARNING * * *
The ooze closely misses you.
Your Fighting skill increases to level 4!
Your Axes skill gained 2 levels and is now at level 5!
You have reached level 5!
You feel stronger.
You have reached level 6!
Your experience leads to an increase in your attributes!
Your base attributes are Str 16, Int 10, Dex 12.
Increase (S)trength, (I)ntelligence, or (D)exterity?
You feel clever.
You feel much better. You block the gnoll's attack.
The gnoll zaps a wand.
The bolt of acid hits the ooze.
The ooze completely resists.
The bolt of acid hits you!!
* * * LOW HITPOINT WARNING * * *
The acid corrodes you!
You are splashed with acid!
You die...

#..........#
..........#
##........##
#...........
#..........# .#
.###..........#..# .
.......gg.....#..# .##
.......J......#..##...
......†@..............
.....#.!....#.#(#....
......<.###.......#
........†)).....#
....#....<####..#
####......# #)g#
....##...# #..#
.#.....#.( #..#
....#....... ....


You could see 2 gnolls and an ooze.

Vanquished Creatures
  Grinder (D:3)
  A gnoll (D:3)
  An adder (D:2)
  A worm (D:2)
  2 dart slugs
  An orc (D:3)
  2 ball pythons (D:3)
  2 bats
  2 giant cockroaches
  10 hobgoblins
  4 jackals (D:1)
  3 frilled lizards
  5 goblins
  7 kobolds
  8 rats
50 creatures vanquished.

Vanquished Creatures (others)
  3 plants (D:2)
3 creatures vanquished.

Grand Total: 53 creatures vanquished

Notes
Turn   | Place    | Note
-------+----------+-------------------------------------------
     0 | D:1      | Ijustatesigmund the Octopode Fighter began the quest for
                  | the Orb.
     0 | D:1      | Reached XP level 1. HP: 16/16 MP: 1/1
   395 | D:1      | Reached XP level 2. HP: 21/21 MP: 2/2
   747 | D:1      | Reached skill level 3 in Axes
   750 | D:1      | Reached XP level 3. HP: 25/26 MP: 3/3
  1463 | D:2      | Found a sacrificial altar of Ru.
  1612 | D:2      | Found a hide-covered altar of Uskayaw.
  1832 | D:3      | Reached XP level 4. HP: 12/32 MP: 4/4
  2079 | D:3      | Noticed Grinder
  2091 | D:3      | Killed Grinder
  2092 | D:3      | Reached skill level 5 in Axes
  2092 | D:3      | Reached XP level 5. HP: 9/38 MP: 5/5
  2092 | D:3      | Reached XP level 6. HP: 10/44 MP: 6/6
  2092 | D:3      | Splashed by a gnoll's acid

Illustrated notes

Levels and vault maps discovered:
D:1:      saegor_arrival_simple_d, layout_basic
D:2:      layout_loops_ring, lemuel_coloured_pillars_altar,
          nicolae_ru_the_path_less_chosen, minmay_misc_feat_rows,
          minmay_tree_intersection
D:3:      layout_rooms, general_overflow_altar,
          chequers_ecumenical_altar_simple_redux,
          chequers_serial_rivers_small_b, st_stairs_4, minmay_diced_spiral,
          uniq_grinder

Skill      XL: |  1  2  3  4 |
---------------+-------------+-----
Axes           | 3 5 |  5.3
Fighting       | 4 |  4.5
Dodging        | |  3.0
Shields        | |  3.0

Action                   |  1- 3 |  4- 6 || total
-------------------------+-------+-------++-------
Melee: War axe           |    68 |    11 ||    79
       Constrict         |    18 |     3 ||    21
       Tentacles         |     9 |     3 ||    12
  Use: Scroll            |     7 |       ||     7
       Potion            |       |     4 ||     4
 Stab: Sleeping          |     8 |       ||     8
Armor: Skin              |     4 |     3 ||     7
Dodge: Dodged            |    21 |    11 ||    32
Block: Kite shield       |    26 |    21 ||    47

Table legend: (Time is in decaauts)
 A = Elapsed time spent in this place.
 B = Non-inter-level travel time spent in this place.
 C = Inter-level travel time spent in this place.
 D = Time resting spent in this place.
 E = Time spent auto-exploring this place.
 F = Levels seen in this place.
 G = Mean time per level.
                   A        B        C        D        E       F      G
               +--------+--------+--------+--------+--------+-----+--------+
         Total |   2107 |   2021 |     86 |    373 |   1348 |   3 |  702.3 |
       Dungeon |   2107 |   2021 |     86 |    373 |   1348 |   3 |  702.3 |
               +--------+--------+--------+--------+--------+-----+--------+

Top non-repeatable levels by time:
     D:1: 1088 daAuts
     D:2: 974 daAuts
     D:3: 44 daAuts
